 Dungeon Crawl Stone Soup version 0.24.0-37-gcf1ca852f1 (webtiles) character file.

Game seed: 5771738657386984686, levelgen mode: deterministic

61 Mrkan the Chucker (level 3, -4/35 HPs)
             Began as a Troll Hunter on Nov 25, 2019.
             Killed from afar by a white imp (11 damage)
             ... with a puff of frost
             ... summoned by Natasha
             ... on level 2 of the Dungeon.
             The game lasted 00:02:25 (1215 turns).

Mrkan the Chucker (Troll Hunter)                    Turns: 1215, Time: 00:02:26

Health: -4/35      AC:  6    Str: 20    XL:     3   Next: 83%
Magic:  2/2        EV: 10    Int:  8    God:
Gold:   46         SH:  0    Dex: 10    Spells: 2/2 levels left

rFire    . . .     SeeInvis .     - Unarmed
rCold    . . .     Gourm    +   (no shield)
rNeg     . . .     Faith    .   b - +0 robe
rPois    .         Spirit   .   (helmet restricted)
rElec    .         Reflect  .   (no cloak)
rCorr    .         Harm     .   (gloves unavailable)
MR       .....                  (boots unavailable)
Stlth    +.........             (no amulet)
HPRegen  0.51/turn              (no ring)
MPRegen  0.08/turn              (no ring)

@: slowed, very slow
A: large, unfitting armour, claws 3, fast metabolism 3, gourmand, regeneration
1, shaggy fur 1, tough skin 3
a: no special abilities


You were on level 2 of the Dungeon.
You were not hungry.

You visited 1 branch of the dungeon, and saw 2 of its levels.

You collected 46 gold pieces.

Inventory:

Missiles
 c - 5 large rocks (quivered)
 d - 2 throwing nets
Armour
 b - a +0 robe (worn)
Scrolls
 a - 3 scrolls of amnesia {unknown}
 e - a scroll of random uselessness {unknown}
 i - a scroll of fear {unknown}
 j - 2 scrolls of teleportation {unknown}
Potions
 g - 2 potions of ambrosia {unknown}
 h - a potion of degeneration {unknown}
Comestibles
 f - 7 rations
 k - a chunk of flesh


   Skills:
 + Level 2.3 Fighting
 - Level 3.6 Throwing
 - Level 1.5 Dodging
 - Level 0.3 Stealth
 * Level 2.8 Unarmed Combat


You had 2 spell levels left.
You didn't know any spells.
Your spell library was empty.

Dungeon Overview and Level Annotations

Branches:
Dungeon (2/15)

Altars:
Qazlal
Sif Muna

Annotations:
D:2 Natasha


Innate Abilities, Weirdness & Mutations

You are too large for most types of armour.
You have claws for hands.
Your metabolism is lightning-fast.
You like to eat raw meat.
Your natural rate of healing is unusually fast.
You are covered in fur. (AC +1)
You have extremely tough skin. (AC +3)


Message History

You scratch Natasha. Your claw misses Natasha.
Natasha is lightly wounded.
The white imp hits you. The white imp freezes you. Natasha closely misses you.
The white imp closely misses you. Natasha barely misses you.
You closely miss Natasha.
Natasha is lightly wounded.
The white imp closely misses you. Natasha claws you.
You claw Natasha!
Natasha is severely wounded.
The white imp gestures at you. The puff of frost hits you. Natasha claws you.
You barely miss Natasha.
Natasha is severely wounded.
The white imp gestures at you. The puff of frost hits you!
* * * LOW HITPOINT WARNING * * *
Natasha barely misses you. The white imp gestures at you.
The puff of frost hits you!
You die...

## ####### . ..#.. ###
.# #.#.# #
..##.#########.#.##.####
.....#......<....5(....#
#.#..#.#..÷.....@h...#
..........####.####..#
#.#..#.#.## #.# #
#.#..#.#.# #.#
.....#.#.# #.#
#....#.#.#####.#
......≈........#
....≈....#######
..≈≈≈....########


You could see Natasha and a white imp.

Vanquished Creatures
  Natasha (D:2)
  A dart slug (D:1)
  2 giant cockroaches
  5 goblins
  3 hobgoblins
  A quokka (D:2)
  7 bats
  A frilled lizard (D:1)
  7 kobolds
  6 rats
34 creatures vanquished.

Notes
Turn   | Place    | Note
-------+----------+-------------------------------------------
     0 | D:1      | Mrkan the Troll Hunter began the quest for the Orb.
     0 | D:1      | Reached XP level 1. HP: 19/19 MP: 0/0
   108 | D:1      | Reached skill level 1 in Unarmed Combat
   176 | D:1      | Reached XP level 2. HP: 28/28 MP: 1/1
   882 | D:2      | Found a stormy altar of Qazlal.
   918 | D:2      | Reached XP level 3. HP: 35/35 MP: 2/2
  1051 | D:2      | Found a shimmering blue altar of Sif Muna.
  1182 | D:2      | Noticed Natasha
  1187 | D:2      | Killed Natasha
  1206 | D:2      | Noticed Natasha
  1215 | D:2      | Killed from afar by a white imp

Levels and vault maps discovered:
D:1:      dpeg_arrival_lava_temple_mockup, layout_basic
D:2:      layout_loops_ring, grunt_temple_overflow_open,
          nicolae_qazlal_general_emergency, lemuel_coloured_pillars_altar,
          uniq_natasha

Skill      XL: |  1  2 |
---------------+-------+-----
Unarmed Combat | 1 2 |  2.8
Fighting       | 2 |  2.3
Throwing       | |  3.6
Dodging        | |  1.5
Stealth        | |  0.3

Action                   || total
-------------------------++-------
Melee: Unarmed           ||    91
 Stab: Sleeping          ||     2
  Eat: Chunk             ||    11
Armor: Robe              ||    51
Dodge: Dodged            ||    64
